 Dungeon Crawl Stone Soup version 0.28.0-45-g0d030f2227 (webtiles) character file.

Game seed: 4937919914301708433

27 issech the Cudgeller (level 2, 0/29 HPs)
             Began as a Troll Monk on Apr 19, 2022.
             Slain by Jessica
             ... wielding a +0 club
              (1 damage)
             ... on level 2 of the Dungeon.
             The game lasted 00:01:55 (485 turns).

issech the Cudgeller (Troll Monk)                    Turns: 485, Time: 00:01:58

Health: 0/29       AC:  4    Str: 18    XL:     2   Next: 93%
Magic:  1/1        EV: 10    Int:  6    God:
Gold:   31         SH:  0    Dex: 12    Spells: 1/1 levels left

rFire   . . .      SeeInvis .   a - +0 mace
rCold   . . .      Faith    .   (no shield)
rNeg    . . .      Spirit   .   b - +0 robe
rPois   .          Reflect  .   (helmet restricted)
rElec   .          Harm     .   (no cloak)
rCorr   .          Rampage  .   (gloves unavailable)
Will    .....                   (boots unavailable)
Stlth   ++........              (no amulet)
HPRegen 0.89/turn               (no ring)
MPRegen 0.07/turn               (no ring)

@: slowed, very slow
A: large, unfitting armour, claws 3, regeneration 1, shaggy fur 1, tough skin 1
a: no special abilities


You were on level 2 of the Dungeon.
You visited 1 branch of the dungeon, and saw 2 of its levels.

You collected 31 gold pieces.

Inventory:

Hand Weapons
 a - a +0 mace (weapon)
Missiles
 c - 56 stones (quivered)
Armour
 b - a +0 robe (worn)
Scrolls
 e - a scroll of fear {unknown}
Potions
 d - a potion of lignification {unknown}


   Skills:
 + Level 2.7 Fighting
 + Level 3.0 Maces & Flails
 + Level 2.8 Dodging
 + Level 1.1 Stealth


You had one spell level left.
You didn't know any spells.
Your spell library was empty.

Dungeon Overview and Level Annotations

Branches:
Dungeon (2/15)

Altars:

Annotations:
D:2 Jessica, Robin


Innate Abilities, Weirdness & Mutations

You are too large for most types of armour.
You have claws for hands.
Your natural rate of healing is unusually fast.
You are covered in fur. (AC +1)
You have tough skin. (AC +1)


Message History

The hobgoblin hits you but does no damage.
Jessica gestures wildly while chanting.
Jessica seems to speed up.
The hobgoblin closely misses you.
You hit the hobgoblin.
The hobgoblin is heavily wounded.
Jessica mumbles some strange words.
Jessica blinks!
Jessica points at you and mumbles some strange words.
You feel yourself slow down. The hobgoblin closely misses you.
You hit the hobgoblin.
The hobgoblin is severely wounded.
Jessica hits you with a +0 club.
Robin roars a battlecry!
The goblins go into a battle-frenzy!
The hobgoblin hits you. Jessica hits you with a +0 club.
The hobgoblin barely misses you.
You barely miss the hobgoblin.
The hobgoblin is heavily wounded.
Jessica closely misses you. x2; The hobgoblin hits you.
Jessica hits you with a +0 club. The hobgoblin barely misses you.
Unknown command.
You barely miss Jessica. Jessica gestures at you while chanting.
Pain shoots through your body!
Jessica mumbles some strange words.
Jessica blinks!
The hobgoblin barely misses you. Robin throws the goblin at you!
You hit the goblin but do no damage. The hobgoblin hits you.
The goblin hits you with a +0 club.
* * * LOW HITPOINT WARNING * * *
The hobgoblin hits you.
* * * LOW HITPOINT WARNING * * *
The goblin barely misses you.
You hit the goblin.
You kill the goblin!
Jessica shouts, "Stop bothering me, or I'll kill you!"
The hobgoblin hits you.
* * * LOW HITPOINT WARNING * * *
Jessica hits you with a +0 club.
You die...

#.#
#.............###.
#.#
######.###########.#
#.# #............#
.# #.#
#.####.#####.# g##.#
..# #.# # #... #.#
.###g#. #.# #.#w...
#@# ######gg.#># #@#
#....g.#....
#g#####.####.g.#
#g..g.l.g..ggw#
#######.####### #.#
#.# #.# #.# #.#


You could see Robin, Jessica (fast) and a hobgoblin (strong).

Vanquished Creatures
  A dart slug (D:2)
  A giant cockroach (D:1)
  6 goblins (D:2)
  6 hobgoblins (D:2)
  A quokka (D:2)
  4 frilled lizards
  4 kobolds (D:1)
  2 rats (D:1)
25 creatures vanquished.

Notes
Turn   | Place    | Note
-------+----------+-------------------------------------------
     0 | D:1      | issech the Troll Monk began the quest for the Orb.
     0 | D:1      | Reached XP level 1. HP: 22/22 MP: 0/0
   324 | D:1      | You fall into a shaft and drop 1 floor!
   345 | D:2      | Reached XP level 2. HP: 29/29 MP: 1/1
   423 | D:2      | Noticed Robin
   424 | D:2      | Noticed Jessica
   466 | D:2      | Reached skill level 3 in Maces & Flails
   484 | D:2      | HP: 1/29 [hobgoblin[Robin] (5)]
   485 | D:2      | Slain by Jessica

Illustrated notes

Levels and vault maps discovered:
D:1:      erik_arrival_orb_chamber, layout_loops_ring, serial_shops,
          nicolae_shop_competitors_out_of_business, minmay_close_crescents
D:2:      layout_loops_ring, ebering_ecumenical_altar_box, uniq_robin,
          uniq_jessica

Skill      XL: |  1  2 |
---------------+-------+-----
Maces & Flails | 3 |  3.0
Fighting       | |  2.7
Dodging        | |  2.8
Stealth        | |  1.1

Action                   || total
-------------------------++-------
Melee: Mace              ||    82
Armor: Robe              ||    31
Dodge: Dodged            ||    57
